 Dungeon Crawl Stone Soup version 0.27.1 (webtiles) character file.

Game seed: 5477142109504415796

56086 promet the Fighter (level 14, -7/104 HPs)
             Began as a Gnoll Wanderer on Aug 27, 2021.
             Was a High Priest of Nemelex Xobeh.
             Killed by divine providence
             ... invoked by a smoke demon
             ... summoned by the player character
              (8 damage)
             ... on level 6 of the Lair of Beasts on Sept 2, 2021.
             The game lasted 03:28:51 (21355 turns).

promet the Fighter (Gnoll Wanderer)                Turns: 21355, Time: 03:28:51

Health: -7/104     AC: 21    Str: 23      XL:     14   Next: 80%
Magic:  0/22       EV: 13    Int: 16 (19) God:    Nemelex Xobeh [*****.]
Gold:   581        SH:  4    Dex:  8 (9)  Spells: 8/32 levels left

rFire    . . .     SeeInvis .   c - +5 scythe (protect)
rCold    . . .     Faith    .   (shield currently unavailable)
rNeg     . . .     Spirit   .   D - +1 acid dragon scales
rPois    +         Reflect  .   f - +2 helmet
rElec    .         Harm     .   q - +2 cloak
rCorr    +         Rampage  .   v - +1 pair of gloves
Will     +++..                  z - +1 pair of boots
Stlth    ++++......             u - amulet of regeneration
HPRegen  0.00/turn              K - ring of willpower
MPRegen  0.18/turn              X - ring "Talolo Vave" {rPois Str+7 Int+6}

@: unable to read, very slightly contaminated, inhibited regen
A: fangs 1, strong nose, distributed training, large bone plates 1, clumsy 1,
deterioration 1, dopey 1, frail 1, low mp 2, strong-willed 1, sense surroundings
1, screaming 2, inhibited regeneration, strong 1, wild magic 2, inability to
read while threatened, MP-powered wands
a: Renounce Religion, Draw Escape, Draw Destruction, Draw Summoning, Triple
Draw, Deal Four, Stack Five


You were on level 6 of the Lair of Beasts.
You worshipped Nemelex Xobeh.
Nemelex Xobeh was extremely pleased with you.
You visited 2 branches of the dungeon, and saw 16 of its levels.

You collected 1133 gold pieces.
You spent 552 gold pieces at shops.

Inventory:

Hand Weapons
 a - the +9 rapier "Zagywagh" {venom, Contam rElec Str+4}
   (You acquired it on level 4 of the Dungeon)

   It poisons the flesh of those it strikes.
   Str:       It affects your strength (+4).
   rElec:     It insulates you from electricity.
   Contam:    It causes magical contamination when unequipped.
 b - the +8 shortbow of Abomination {venom, rC+}
   (You found it on level 10 of the Dungeon)

   Any ammunition fired from it poisons the flesh of those it strikes.
   rC:        It protects you from cold.
 c - a +5 scythe of protection (weapon)
 p - a +3 falchion
 r - a +3 vampiric long sword
 E - a +1 halberd of flaming
 Z - a +1 demon whip of venom
Missiles
 h - 91 sling bullets
 i - 56 bolts
 j - 7 boomerangs (quivered)
 l - 667 stones
 n - 192 arrows
 w - 6 curare-tipped darts
 y - 92 poisoned darts
 W - a javelin
Armour
 e - a +0 robe
 f - a +2 helmet (worn)
 o - a +0 leather armour
 q - a +2 cloak (worn)
 v - a +1 pair of gloves (worn)
 z - a +1 pair of boots (worn)
 D - +1 acid dragon scales (worn)
Magical Staves
 P - a staff of cold
Jewellery
 m - an amulet of guardian spirit
 u - an amulet of regeneration (around neck)
 A - an amulet of the acrobat
 J - a ring of fire
 K - a ring of willpower (left hand)
 M - a +4 ring of evasion
 N - a ring of flight
 X - the ring "Talolo Vave" (right hand) {rPois Str+7 Int+6}
   (You found it on level 4 of the Lair of Beasts)

   [ring of intelligence]

   Str:       It affects your strength (+7).
   Int:       It affects your intelligence (+6).
   rPois:     It protects you from poison.
Wands
 B - a wand of mindburst (16)
 H - a wand of digging (23)
 I - a wand of iceblast (11)
 R - a wand of acid (10)
Scrolls
 g - a scroll of magic mapping
 k - 12 scrolls of identify
 x - 5 scrolls of teleportation
 F - a scroll of brand weapon
 G - 7 scrolls of amnesia
Potions
 d - 2 potions of heal wounds
 s - 2 potions of might
 t - 3 potions of resistance
 C - 3 potions of curing
 O - 2 potions of lignification
 Q - 8 potions of ambrosia
 T - a potion of cancellation
 U - 2 potions of invisibility
 Y - a potion of magic
Miscellaneous
 L - a phantom mirror


   Skills:
 + Level 12.4 Fighting
 + Level 9.5 Short Blades
 + Level 10.5 Long Blades
 + Level 9.5 Axes
 + Level 9.5 Maces & Flails
 + Level 9.5 Polearms
 + Level 9.5 Staves
 + Level 9.5 Slings
 + Level 9.5 Bows
 + Level 9.5 Crossbows
 + Level 9.9 Throwing
 + Level 9.9 Armour
 + Level 9.5 Dodging
 + Level 9.8 Stealth
 + Level 9.9 Shields
 + Level 9.5 Unarmed Combat
 + Level 9.5 Spellcasting
 + Level 8.0 Conjurations
 + Level 8.0 Hexes
 + Level 8.0 Summonings
 + Level 8.0 Necromancy
 + Level 8.0 Translocations
 + Level 8.0 Transmutations
 + Level 8.0 Fire Magic
 + Level 8.0 Ice Magic
 + Level 8.0 Air Magic
 + Level 8.0 Earth Magic
 + Level 8.0 Poison Magic
 + Level 10.3 Invocations
 + Level 9.5 Evocations


You had 8 spell levels left.
You knew the following spells:

 Your Spells              Type           Power      Damage    Failure   Level
a - Pain                  Necr           100%       1d9       2%          1
b - Animate Skeleton      Necr           100%       N/A       2%          1
c - Static Discharge      Conj/Air       52%        N/A       3%          2
d - Confusing Touch       Hex            52%        N/A       4%          3
e - Shock                 Conj/Air       100%       1d9       2%          1
f - Frozen Ramparts       Ice            100%       1d12      4%          3
g - Airstrike             Air            26%        N/A       11%         4
h - Gell's Gravitas       Tloc           26%        N/A       4%          3
i - Swiftness             Air            52%        N/A       4%          3
j - Teleport Other        Tloc           52%        N/A       4%          3

Your spell library contained the following spells:

 Spells                   Type           Power      Damage    Failure   Level
 Apportation              Tloc           100%       N/A       2%          1
 Corona                   Hex            57%        N/A       2%          1
 Summon Small Mammal      Summ           100%       N/A       2%          1
 Blink                    Tloc           N/A        N/A       3%          2
 Slow                     Hex            52%        N/A       3%          2
 Vampiric Draining        Necr           26%        2d9       4%          3
 Cause Fear               Hex            26%        N/A       11%         4
 Dispel Undead            Necr           52%        3d19      11%         4
 Fulminant Prism          Conj/Hex       26%        3d14      11%         4
 Ice Form                 Ice/Tmut       52%        N/A       11%         4
 Iskenderun's Mystic Bla  Conj/Tloc      52%        2d11      11%         4
 Sticky Flame             Conj/Fire      52%        2d7       11%         4
 Summon Ice Beast         Ice/Summ       52%        N/A       11%         4
 Agony                    Necr           52%        N/A       24%         5
 Excruciating Wounds      Necr           26%        N/A       24%         5
 Lee's Rapid Deconstruct  Erth           26%        3d15*     24%         5
 Lightning Bolt           Conj/Air       26%        1d42      24%         5
 Manifold Assault         Tloc           52%        N/A       24%         5
 Yara's Violent Unravell  Hex/Tmut       26%        3d11      24%         5
 Dispersal                Tloc           26%        N/A       71%         6
 Dragon Form              Tmut           26%        N/A       99%         7
 Storm Form               Tmut/Air       26%        N/A       99%         7
 Maxwell's Capacitive Co  Air            26%        ∞         100%        8
 Dragon's Call            Summ           26%        N/A       100%        9


Dungeon Overview and Level Annotations

Branches:
Dungeon (10/15)            Temple (0/1) D:5            Lair (6/6) D:10
 Shoals (0/4) Lair:4        Snake (0/4) Lair:4        Slime (0/5) Lair:6
    Orc: D:9-12

Altars:
Cheibriados
Dithmenos
Nemelex Xobeh
Qazlal
Ru
Uskayaw
Vehumet
Wu Jian
Xom
Zin
The Shining One
Jiyva

Shops:
D:3 *   D:5 [   D:7 ?   D:10 =

Annotations:
D:8 1 transporter


Innate Abilities, Weirdness & Mutations

You have very sharp teeth.
Your uncanny sense of smell can sniff out nearby items.
Your experience applies equally to all skills.
You are partially covered in large bone plates. (SH +4)
You are clumsy. (Dex -2)
Your body sometimes deteriorates upon taking damage.
You are dopey. (Int -2)
You are frail. (-10% HP)
Your magical capacity is very low. (-20% MP)
You are strong-willed. (Will+)
You passively map a small area around you.
You frequently scream uncontrollably at your foes.
You do not regenerate when monsters are visible.
Your muscles are strong. (Str +2)
Your spells are harder to cast, but more powerful.
You sometimes lose the ability to read scrolls when taking damage.
You expend magic power (3 MP) to strengthen your wands.


Message History

Your rakshasa hits the emperor scorpion with a +0 long sword.
The quicksilver ooze hits you. The quicksilver ooze barely misses you.
You slip free of the ooze engulfing you.
You gasp with relief as air once again reaches your lungs.
Your rakshasa hits the emperor scorpion with a +0 long sword!!
You see here an elephant corpse.
You cannot read scrolls in your current state!
The quicksilver ooze hits you.
* * * LOW HITPOINT WARNING * * *
The quicksilver ooze engulfs you!
The quicksilver ooze hits you but does no damage.
You cannot read scrolls in your current state!
Okay, then.
You slip free of the ooze engulfing you.
You gasp with relief as air once again reaches your lungs.
The quicksilver ooze seems to return to its normal shape.
Your rakshasa hits the death yak with a +0 long sword!!
The quicksilver ooze misses you.
The quicksilver ooze closely misses you.
Your rakshasa hits the smoke demon with a +0 long sword.
The emperor scorpion seems to return to its normal shape.
The quicksilver ooze hits you. The quicksilver ooze engulfs you!
The quicksilver ooze hits you.
* * * LOW HITPOINT WARNING * * *
You feel your power leaking away.
You slip free of the ooze engulfing you.
You gasp with relief as air once again reaches your lungs.
You block the quicksilver ooze's attack.
The quicksilver ooze hits you.
* * * LOW HITPOINT WARNING * * *
The smoke demon gestures at you. Something smites you!
* * * LOW HITPOINT WARNING * * *
Your rakshasa hits the smoke demon with a +0 long sword!
The quicksilver ooze barely misses you.
The quicksilver ooze completely misses you.
The smoke demon gestures at you. Something smites you!
You die...
Your body glows with a rainbow of weird colours and disappears.

.8.8.[( ##.#.........#......####
#...$:# ##R#.................#.#
# ∆∆** #.3##..................|
## ##...##.....<............ .###
###...P.#..................
...####......Y##................#
#.............s##.......)..#.####
##....P.....P.J.##...........# #
#####.........P.@................
....####...................##....
P...^..##...P...P..........##....
........##.....P............#....
.P.......#..................#.#..
#............................##..
#...........................###..
.................................
.................................


You could see an emperor scorpion, a death yak, a quicksilver ooze (ally
target), a smoke demon (summoned) and a friendly rakshasa (summoned).

Vanquished Creatures
  A quicksilver ooze (Lair:2)
  A boulder beetle (Lair:1)
  3 hydras
  A centaur warrior (D:10)
  4 catoblepae
  A two-headed ogre (D:8)
  12 death yaks (Lair:6)
  4 oklob plants (Lair:4)
  A harpy (Lair:6)
  An ugly thing (D:10)
  2 cyclopes (D:10)
  15 elephants
  A centaur zombie (D:10)
  Maggie (D:7)
  6 black mambas
  18 cane toads
  An unseen horror (D:10)
  A torpor snail (Lair:4)
  4 rime drakes
  4 komodo dragons
  A yaktaur (D:10)
  A queen bee (Lair:3)
  3 polar bears
  2 trolls (D:10)
  A wind drake (Lair:6)
  12 blink frogs
  6 dream sheep (Lair:5)
  Sigmund (D:5)
  2 shadows
  2 wraiths (D:9)
  30 yaks
  2 vampires
  A wyvern (Lair:3)
  3 golden eyes
  3 steam dragons
  2 basilisks
  22 water moccasins
  An ice beast (D:4)
  3 orc warriors (D:9)
  4 black bears
  3 necrophages
  A sky beast (Lair:6)
  A tengu (Lair:3)
  2 ogres (D:5)
  20 wolves
  A centaur (D:5)
  2 phantoms
  A kobold brigand (D:10)
  4 bullfrogs
  A wyvern zombie (D:6)
  3 scorpions
  8 killer bees
  3 electric eels
  4 wights (D:7)
  3 howler monkeys
  6 crimson imps (D:8)
  8 hounds
  A bullfrog zombie (D:6)
  5 orc priests
  4 jellies
  A centaur skeleton (D:4)
  6 hell rats (Lair:6)
  5 iguanas
  7 orc wizards
  A killer bee zombie (D:7)
  A mummy (D:3)
  2 howler monkey zombies
  5 gnolls
  A river rat (Lair:6)
  2 adders
  A howler monkey skeleton (D:6)
  2 shadow imps
  A white imp (D:8)
  3 adder skeletons (D:4)
  A dart slug (D:2)
  24 orcs
  4 ball pythons
  8 endoplasms
  A giant cockroach (D:4)
  4 hobgoblins
  2 quokkas
  6 bats
  4 frilled lizards
  8 goblins
  9 kobolds
  3 rats
  2 bushes
379 creatures vanquished.

Vanquished Creatures (collateral kills)
  3 death yaks (Lair:6)
  3 elephants (Lair:5)
  A black mamba (Lair:1)
  A komodo dragon (Lair:1)
  A wyvern (Lair:3)
  2 steam dragons (Lair:3)
  2 water moccasins (Lair:1)
  A swamp drake (Lair:3)
  A bullfrog (Lair:5)
  A killer bee (Lair:3)
16 creatures vanquished.

Vanquished Creatures (others)
  A hydra (D:10)
  A steam dragon (Lair:3)
  A sky beast (Lair:3)
  5 killer bees
  3 bats (Lair:3)
  2 bushes
  74 fungi
  80 plants
167 creatures vanquished.

Grand Total: 562 creatures vanquished

Notes
Turn   | Place    | Note
-------+----------+-------------------------------------------
     0 | D:1      | promet the Gnoll Wanderer began the quest for the Orb.
     0 | D:1      | promet set off with the following items: a +2 falchion, a
                  | scroll of teleportation, 10 poisoned darts, a +0 dagger, a
                  | +0 robe
     0 | D:1      | Reached XP level 1. HP: 26/26 MP: 1/1
   321 | D:1      | Reached XP level 2. HP: 33/33 MP: 2/2
   673 | D:2      | Found a sparkling altar of Nemelex Xobeh.
   992 | D:2      | Reached XP level 3. HP: 31/38 MP: 3/3
  1056 | D:2      | Found a faded altar of an unknown god.
  1248 | D:2      | Became a worshipper of Nemelex Xobeh the Trickster
  1579 | D:3      | Reached skill level 1 in Short Blades
  1579 | D:3      | Reached skill level 1 in Axes
  1579 | D:3      | Reached skill level 1 in Maces & Flails
  1579 | D:3      | Reached skill level 1 in Polearms
  1579 | D:3      | Reached skill level 1 in Staves
  1579 | D:3      | Reached skill level 1 in Slings
  1579 | D:3      | Reached skill level 1 in Bows
  1579 | D:3      | Reached skill level 1 in Crossbows
  1579 | D:3      | Reached skill level 1 in Dodging
  1579 | D:3      | Reached skill level 1 in Unarmed Combat
  1579 | D:3      | Reached skill level 1 in Spellcasting
  1579 | D:3      | Reached skill level 1 in Invocations
  1579 | D:3      | Reached skill level 1 in Evocations
  1579 | D:3      | Reached XP level 4. HP: 37/45 MP: 5/5
  1590 | D:3      | Reached skill level 1 in Conjurations
  1590 | D:3      | Reached skill level 1 in Hexes
  1590 | D:3      | Reached skill level 1 in Summonings
  1590 | D:3      | Reached skill level 1 in Necromancy
  1590 | D:3      | Reached skill level 1 in Translocations
  1590 | D:3      | Reached skill level 1 in Transmutations
  1590 | D:3      | Reached skill level 1 in Fire Magic
  1590 | D:3      | Reached skill level 1 in Ice Magic
  1590 | D:3      | Reached skill level 1 in Air Magic
  1590 | D:3      | Reached skill level 1 in Earth Magic
  1590 | D:3      | Reached skill level 1 in Poison Magic
  1982 | D:3      | Reached XP level 5. HP: 44/51 MP: 4/7
  2349 | D:3      | Found Koaqasy's Assorted Antiques.
  2797 | D:3      | Reached XP level 6. HP: 54/57 MP: 6/8
  2803 | D:3      | Found a snail-covered altar of Cheibriados.
  2845 | D:4      | Noticed a necrophage
  2866 | D:4      | Killed a necrophage
  2867 | D:4      | Reached skill level 5 in Long Blades
  3039 | D:4      | Noticed an ice beast
  3059 | D:4      | Killed an ice beast
  3060 | D:4      | Reached XP level 7. HP: 63/63 MP: 8/10
  3132 | D:4      | Learned a level 1 spell: Pain
  3175 | D:4      | Identified a scroll of acquirement
  3175 | D:4      | Acquired the +9 rapier "Zagywagh" {venom, Contam rElec
                  | Str+4}
  3182 | D:4      | Reached * piety under Nemelex Xobeh
  3493 | D:5      | Entered Level 5 of the Dungeon
  3504 | D:5      | Found a staircase to the Ecumenical Temple.
  3588 | D:5      | Reached skill level 9 in Fighting
  3644 | D:5      | Noticed Sigmund
  3716 | D:5      | Reached XP level 8. HP: 66/71 MP: 12/12
  3776 | D:5      | Killed Sigmund
  3977 | D:5      | Learned a level 1 spell: Animate Skeleton
  3980 | D:5      | Learned a level 2 spell: Static Discharge
  4209 | D:5      | Found Rior's Antique Armour Emporium.
  4247 | D:5      | Bought a pair of embroidered boots for 202 gold pieces
  4682 | D:6      | Received a gift from Nemelex Xobeh
  4764 | D:6      | Reached XP level 9. HP: 76/76 MP: 14/14
  4838 | D:6      | Found a glowing silver altar of Zin.
  4893 | D:6      | Learned a level 3 spell: Confusing Touch
  5484 | D:7      | Reached ** piety under Nemelex Xobeh
  5510 | D:7      | Found Serefuj's Magic Scroll Emporium.
  5631 | D:7      | Gained mutation: You are partially covered in large bone
                  | plates. (SH +4) [potion of mutation]
  5631 | D:7      | Gained mutation: You expend magic power (3 MP) to
                  | strengthen your wands. [potion of mutation]
  5631 | D:7      | Gained mutation: Your spells are a little harder to cast,
                  | but a little more powerful. [potion of mutation]
  5717 | D:7      | Found a shimmering altar of Xom.
  5775 | D:7      | Noticed Maggie
  5793 | D:7      | Killed Maggie
  5794 | D:7      | Reached skill level 5 in Throwing
  5794 | D:7      | Reached skill level 5 in Armour
  5794 | D:7      | Reached skill level 5 in Shields
  6063 | D:7      | Reached skill level 5 in Stealth
  6109 | D:7      | Learned a level 1 spell: Shock
  6386 | D:7      | Found a hide-covered altar of Uskayaw.
  6598 | D:8      | Reached skill level 5 in Invocations
  6808 | D:8      | Found an ornate altar of the Wu Jian Council.
  7409 | D:8      | Reached *** piety under Nemelex Xobeh
  7493 | D:8      | Found a sparkling altar of Nemelex Xobeh.
  7493 | D:8      | Found a transporter.
  7493 | D:8      | Noticed a meliai
  7494 | D:8      | Noticed a troll
  7555 | D:9      | Noticed a two-headed ogre
  7570 | D:8      | Killed a two-headed ogre
  7571 | D:8      | Reached skill level 5 in Short Blades
  7571 | D:8      | Reached skill level 5 in Axes
  7571 | D:8      | Reached skill level 5 in Maces & Flails
  7571 | D:8      | Reached skill level 5 in Polearms
  7571 | D:8      | Reached skill level 5 in Staves
  7571 | D:8      | Reached skill level 5 in Slings
  7571 | D:8      | Reached skill level 5 in Bows
  7571 | D:8      | Reached skill level 5 in Crossbows
  7571 | D:8      | Reached skill level 5 in Dodging
  7571 | D:8      | Reached skill level 5 in Unarmed Combat
  7571 | D:8      | Reached skill level 5 in Spellcasting
  7571 | D:8      | Reached skill level 5 in Evocations
  7571 | D:8      | Reached XP level 10. HP: 37/85 MP: 15/17
  7670 | D:9      | Found a shadowy altar of Dithmenos.
  7704 | D:9      | Received a gift from Nemelex Xobeh
  7804 | D:9      | Reached skill level 10 in Fighting
  8257 | D:9      | Learned a level 3 spell: Frozen Ramparts
  8358 | D:9      | Found a stormy altar of Qazlal.
  8556 | D:10     | Entered Level 10 of the Dungeon
  8625 | D:10     | Noticed a green ugly thing
  8640 | D:10     | Killed a green ugly thing
  8745 | D:10     | Noticed a cyclops
  8758 | D:10     | Killed a cyclops
  8789 | D:10     | Reached XP level 11. HP: 83/91 MP: 19/19
  8899 | D:10     | Received a gift from Nemelex Xobeh
  8963 | D:9      | Found a radiant altar of Vehumet.
  8994 | D:10     | Reached skill level 5 in Conjurations
  8994 | D:10     | Reached skill level 5 in Hexes
  8994 | D:10     | Reached skill level 5 in Summonings
  8994 | D:10     | Reached skill level 5 in Necromancy
  8994 | D:10     | Reached skill level 5 in Translocations
  8994 | D:10     | Reached skill level 5 in Transmutations
  8994 | D:10     | Reached skill level 5 in Fire Magic
  8994 | D:10     | Reached skill level 5 in Ice Magic
  8994 | D:10     | Reached skill level 5 in Air Magic
  8994 | D:10     | Reached skill level 5 in Earth Magic
  8994 | D:10     | Reached skill level 5 in Poison Magic
  9110 | D:10     | Identified the +8 shortbow of Abomination {venom, rC+}
  9134 | D:10     | Gained mutation: You are clumsy. (Dex -2) [mutagenic glow]
  9159 | D:10     | Gained mutation: You are dopey. (Int -2) [mutagenic glow]
  9191 | D:10     | Gained mutation: You are robust. (+10% HP) [mutagenic glow]
  9233 | D:10     | Reached **** piety under Nemelex Xobeh
  9338 | D:10     | Gained mutation: Your body sometimes deteriorates upon
                  | taking damage. [mutagenic glow]
  9468 | D:10     | Noticed an eight-headed hydra
  9468 | D:10     | Noticed a cyclops
  9482 | D:10     | Killed a cyclops
  9482 | D:10     | Killed an eight-headed hydra
  9634 | D:10     | Found Kusch's Jewellery Shoppe.
  9710 | D:10     | Found a sacrificial altar of Ru.
  9746 | D:10     | Noticed a centaur warrior
  9757 | D:10     | Killed a centaur warrior
  9910 | D:10     | Gained mutation: You occasionally shout uncontrollably at
                  | your foes. [mutagenic glow]
  9947 | D:10     | Found a staircase to the Lair.
  9981 | D:10     | Found a glowing golden altar of the Shining One.
 10020 | Lair:1   | Entered Level 1 of the Lair of Beasts
 10090 | Lair:1   | Gained mutation: You sometimes lose the ability to read
                  | scrolls when taking damage. [mutagenic glow]
 10223 | Lair:1   | Gained mutation: You do not regenerate when monsters are
                  | visible. [mutagenic glow]
 10242 | Lair:1   | Received a gift from Nemelex Xobeh
 10295 | Lair:1   | Reached XP level 12. HP: 108/108 MP: 22/22
 10450 | Lair:1   | Noticed a boulder beetle
 10465 | Lair:1   | Killed a boulder beetle
 10498 | Lair:1   | Gained mutation: You frequently scream uncontrollably at
                  | your foes. [mutagenic glow]
 10762 | Lair:1   | Received a gift from Nemelex Xobeh
 11153 | Lair:2   | Received a gift from Nemelex Xobeh
 11167 | Lair:2   | Noticed a six-headed hydra
 11169 | Lair:2   | Noticed a quicksilver ooze
 11169 | Lair:2   | a six-headed hydra changed into a quicksilver ooze
 11286 | Lair:2   | You fall into a shaft and drop 1 floor!
 11306 | Lair:3   | Reached skill level 11 in Fighting
 11546 | Lair:3   | Identified the +7 dagger of Cruel Justice {freeze, *Corrode
                  | rF+ Will++}
 11847 | Lair:3   | Lost mutation: You are robust. (+10% HP) [mutagenic glow]
 12689 | Lair:4   | Gained mutation: You are occasionally teleported next to
                  | monsters. [mutagenic glow]
 12704 | Lair:4   | Found a staircase to the Shoals.
 13077 | Lair:4   | Received a gift from Nemelex Xobeh
 13186 | Lair:4   | Found a staircase to the Snake Pit.
 13246 | Lair:4   | Noticed a catoblepas
 13257 | Lair:4   | Killed a catoblepas
 13273 | Lair:4   | Reached XP level 13. HP: 56/106 MP: 24/24
 14604 | Lair:4   | Gained mutation: You are very clumsy. (Dex -4) [mutagenic
                  | glow]
 15405 | Lair:4   | Identified the ring "Talolo Vave" {rPois Str+7 Int+6}
 15429 | Lair:4   | Identified the +7 ice dragon scales "Sicicwa" {rElec rF-
                  | rC++ Will- Regen+ SInv}
 15436 | Lair:4   | Learned a level 4 spell: Airstrike
 15579 | Lair:4   | Received a gift from Nemelex Xobeh
 15589 | Lair:4   | Reached ***** piety under Nemelex Xobeh
 17745 | Lair:6   | Entered Level 6 of the Lair of Beasts
 17749 | Lair:6   | Gained mutation: Your magical capacity is low. (-10% MP)
                  | [mutagenic glow]
 17786 | Lair:6   | Reached XP level 14. HP: 114/114 MP: 24/24
 17807 | Lair:6   | Reached skill level 12 in Fighting
 17807 | Lair:6   | Reached skill level 10 in Long Blades
 18669 | Lair:6   | Learned a level 3 spell: Gell's Gravitas
 18673 | Lair:6   | Learned a level 3 spell: Swiftness
 18677 | Lair:6   | Learned a level 3 spell: Teleport Other
 18879 | Lair:6   | Received a gift from Nemelex Xobeh
 19028 | Lair:6   | Reached skill level 10 in Invocations
 19264 | Lair:2   | Lost mutation: You are dopey. (Int -2) [potion of mutation]
 19264 | Lair:2   | Lost mutation: You are occasionally teleported next to
                  | monsters. [potion of mutation]
 19264 | Lair:2   | Lost mutation: You are very clumsy. (Dex -4) [potion of
                  | mutation]
 19264 | Lair:2   | Gained mutation: You are strong-willed. (Will+) [potion of
                  | mutation]
 19264 | Lair:2   | Gained mutation: You passively map a small area around you.
                  | [potion of mutation]
 19264 | Lair:2   | Gained mutation: Your muscles are strong. (Str +2) [potion
                  | of mutation]
 19264 | Lair:2   | Gained mutation: Your spells are harder to cast, but more
                  | powerful. [potion of mutation]
 19587 | D:7      | Bought a scroll of brand weapon for 200 gold pieces
 19587 | D:7      | Bought a scroll of enchant weapon for 75 gold pieces
 19587 | D:7      | Bought a scroll of enchant armour for 75 gold pieces
 19962 | Lair:2   | Killed a quicksilver ooze
 20577 | Lair:6   | Gained mutation: Your magical capacity is very low. (-20%
                  | MP) [mutagenic glow]
 20649 | Lair:6   | Received a gift from Nemelex Xobeh
 20687 | Lair:6   | Found a viscous altar of Jiyva.
 20687 | Lair:6   | Found a staircase to the Slime Pits.
 20964 | Lair:6   | Gained mutation: You are dopey. (Int -2) [a neqoxec]
 21320 | Lair:6   | Gained mutation: You are frail. (-10% HP) [mutagenic glow]
 21324 | Lair:6   | Noticed a quicksilver ooze
 21324 | Lair:6   | a death yak changed into a quicksilver ooze
 21324 | Lair:6   | Noticed an emperor scorpion
 21324 | Lair:6   | a death yak changed into an emperor scorpion
 21354 | Lair:6   | HP: 1/104 [smoke demon/divine providence[the player
                  | character] (14)]
 21355 | Lair:6   | Killed from afar by a smoke demon

Illustrated notes

Levels and vault maps discovered:
D:1:      kilobyte_arrival_exit_the_forest, layout_rooms, feat_on_display
D:2:      layout_loops_ring, chequers_ecumenical_altar_twisty, basic_altar
D:3:      layout_loops_ring, chei_slow_surprise, serial_shops, shop_statue,
          glass_columns_a, cheibrodos_gnoll_hut
D:4:      layout_cave_pools
D:5:      layout_basic, temple_fountains, serial_shops,
          nicolae_shop_competitors_out_of_business, minmay_fractal_squares_5,
          uniq_sigmund
D:6:      layout_loops_ring, zin_scriptorium, nrook_campfire, minivault_4
D:7:      layout_gridville, mainiacjoe_overflow_catwalk,
          nicolae_overflow_crystal_walls, serial_shops, shop, uniq_maggie
D:8:      layout_gridville, nzn_wu_jian_contemplation, grunt_nemelex_the_gamble,
          minmay_nine_imps
D:9:      layout_rooms, nicolae_overflow_hidden_temple,
          grunt_dithmenos_smoke_and_mirrors, nicolae_qazlal_general_emergency,
          kennysheep_dice
D:10:     layout_basic, tso_oasis_becter, nicolae_ru_the_path_less_chosen,
          david_lair_shrubbed, serial_shops, shop, minmay_shattered_shrine
Lair:1:   layout_regular_city, minivault_27
Lair:2:   statuecave_lemuel, layout_cave_shapes
Lair:3:   layout_roguey [special_room_bee], special_room, serial_bayou_pond_b
Lair:4:   layout_gridlike, elwin_shoals_entry_rocks,
          minmay_snake_entry_six_corridors, minmay_lair_oklob_chamber
Lair:5:   layout_concentric_octagons
Lair:6:   grunt_lair_end_beastmaster, layout_regular_city,
          dpeg_slime_entry_enclosed_altar, infiniplex_staircase_pool_2

Skill      XL: |  1  2  3  4  5  6  7  8  9 10 11 12 13 14 |
---------------+-------------------------------------------+-----
Short Blades   | 1 2 3 5 6 7 8 9 |  9.5
Axes           | 1 2 3 5 6 7 8 9 |  9.5
Maces & Flails | 1 2 3 5 6 7 8 9 |  9.5
Polearms       | 1 2 3 5 6 7 8 9 |  9.5
Staves         | 1 2 3 5 6 7 8 9 |  9.5
Slings         | 1 2 3 5 6 7 8 9 |  9.5
Bows           | 1 2 3 5 6 7 8 9 |  9.5
Crossbows      | 1 2 3 5 6 7 8 9 |  9.5
Dodging        | 1 2 3 5 6 7 8 9 |  9.5
Unarmed Combat | 1 2 3 5 6 7 8 9 |  9.5
Spellcasting   | 1 2 3 5 6 7 8 9 |  9.5
Invocations    | 1 2 3 4 5 6 7 8 9 10 | 10.3
Evocations     | 1 2 3 5 6 7 8 9 |  9.5
Conjurations   | 1 2 3 4 5 6 7 8 |  8.0
Hexes          | 1 2 3 4 5 6 7 8 |  8.0
Summonings     | 1 2 3 4 5 6 7 8 |  8.0
Necromancy     | 1 2 3 4 5 6 7 8 |  8.0
Translocations | 1 2 3 4 5 6 7 8 |  8.0
Transmutations | 1 2 3 4 5 6 7 8 |  8.0
Fire Magic     | 1 2 3 4 5 6 7 8 |  8.0
Ice Magic      | 1 2 3 4 5 6 7 8 |  8.0
Air Magic      | 1 2 3 4 5 6 7 8 |  8.0
Earth Magic    | 1 2 3 4 5 6 7 8 |  8.0
Poison Magic   | 1 2 3 4 5 6 7 8 |  8.0
Throwing       | 3 4 5 6 7 8 9 |  9.9
Armour         | 3 4 5 6 7 8 9 |  9.9
Shields        | 3 4 5 6 7 8 9 |  9.9
Stealth        | 3 4 5 6 7 8 9 |  9.8
Long Blades    | 5 6 7 8 9 10 | 10.5
Fighting       | 9 10 11 12 | 12.4

Action                   |  1- 3 |  4- 6 |  7- 9 | 10-12 | 13-15 || total
-------------------------+-------+-------+-------+-------+-------++-------
Melee: Falchion          |    44 |   182 |       |       |       ||   226
       Bite              |     4 |    33 |     9 |    49 |    52 ||   147
       Punch             |       |     4 |     4 |    11 |    18 ||    37
       Dagger            |       |    17 |    11 |       |    11 ||    39
       Rapier            |       |       |   195 |   406 |   332 ||   933
       Scythe            |       |       |       |     4 |    43 ||    47
       Shortbow          |       |       |       |     1 |     1 ||     2
       Demon whip        |       |       |       |       |    13 ||    13
       Halberd           |       |       |       |       |    10 ||    10
       Long sword        |       |       |       |       |     8 ||     8
       Staff             |       |       |       |       |     6 ||     6
 Fire: Shortbow          |       |       |       |    56 |   123 ||   179
Throw: Boomerang         |    17 |     3 |    26 |    29 |    61 ||   136
       Dart              |     2 |    11 |    45 |     9 |     8 ||    75
       Javelin           |       |       |       |       |     7 ||     7
 Cast: Shock             |       |       |    10 |    23 |    27 ||    60
       Static Discharge  |       |       |     6 |     9 |     6 ||    21
       Confusing Touch   |       |       |     2 |     1 |     5 ||     8
       Animate Skeleton  |       |       |     1 |     3 |     1 ||     5
       Pain              |       |       |     1 |       |       ||     1
       Frozen Ramparts   |       |       |       |     2 |     7 ||     9
       Airstrike         |       |       |       |       |    23 ||    23
       Swiftness         |       |       |       |       |     1 ||     1
Invok: Draw Escape       |       |       |     1 |     2 |     7 ||    10
       Draw Destruction  |       |       |       |    20 |    14 ||    34
       Draw Summoning    |       |       |       |     3 |     6 ||     9
       Triple Draw       |       |       |       |     1 |       ||     1
Evoke: Wand              |       |       |       |       |     3 ||     3
  Use: Scroll            |     5 |     1 |     6 |     7 |     5 ||    24
       Potion            |     3 |     5 |     5 |    12 |     5 ||    30
 Stab: Sleeping          |     5 |       |     2 |     2 |     3 ||    12
       Distracted        |     1 |       |       |     1 |     3 ||     5
       Confused          |       |       |     1 |       |       ||     1
       Invisible         |       |       |       |     1 |       ||     1
Armor: Robe              |     5 |     2 |       |       |       ||     7
       Leather armour    |       |    26 |    39 |       |       ||    65
       Acid dragon scale |       |       |    31 |   174 |   200 ||   405
Dodge: Dodged            |    14 |    48 |   120 |   442 |   308 ||   932
Block: Other             |       |       |     8 |    91 |    66 ||   165
       Rpst.: Falchion   |     4 |    11 |       |       |       ||    15
